 Dungeon Crawl Stone Soup version 0.31.0-7-gf635a9b802 (webtiles) character file.

Game seed: 1034459650331533357

44 Arcadio the Sneak (level 3, 0/25 HPs)
             Began as an Octopode Brigand on Jan 23, 2024.
             Succumbed to an adder's poison
             ... on level 2 of the Dungeon.
             The game lasted 00:01:05 (993 turns).

Arcadio the Sneak (Octopode Brigand)                 Turns: 993, Time: 00:01:06

Health: 0/25       AC:  1    Str:  8 (10) XL:     3   Next: 62%
Magic:  3/3        EV: 13    Int: 12 (13) God:
Gold:   59         SH:  0    Dex: 14 (15) Spells: 2/2 levels left

rFire   . . .        a - +2 dagger
rCold   . . .        (no shield)
rNeg    . . .        (helmet restricted)
rPois   .            (no amulet)
rElec   .            (no ring)
rCorr   .            (no ring)
SInv    .            (no ring)
Will    .....        (no ring)
Stlth   ++++         (no ring)
HPRegen 0.24/turn    (no ring)
MPRegen 0.08/turn    (no ring)
                     (no ring)

%: no passive effects
@: lethally poisoned (0 -> -1)
A: almost no armour, amphibious, 8 rings, camouflage 1, gelatinous body 1,
(nimble swimmer 1), tentacles
a: no special abilities


You were on level 2 of the Dungeon.
You visited 1 branch of the dungeon, and saw 2 of its levels.

You collected 59 gold pieces.

Inventory:

Hand Weapons
 a - a +2 dagger (weapon)
Missiles
 b - 9 poisoned darts (quivered)
 c - 3 curare-tipped darts
Scrolls
 e - a scroll of enchant armour {unknown}
 f - 2 scrolls of amnesia {unknown}
 g - a scroll of immolation {unknown}
 h - a scroll of poison {unknown}


   Skills:
 + Level 2.5 Fighting
 + Level 2.5 Short Blades
 - Level 2.0 Throwing
 + Level 1.8 Dodging
 + Level 5.8 Stealth


You had 2 spell levels left.
You didn't know any spells.
Your spell library contained the following spells:

 Spells                   Type           Power      Damage    Failure   Level
 Apportation              Tloc           0%         N/A       32%         1
 Kiss of Death            Conj/Necr      0%         2d5       32%         1
 Jinxbite                 Hex            0%         N/A       45%         2
 Alistair's Intoxication  Alch           0%         N/A       100%        5
 Borgnjor's Vile Clutch   Necr/Erth      0%         N/A       100%        5
 Death's Door             Necr           0%         N/A       100%        9


Dungeon Overview and Level Annotations

Branches:
Dungeon (2/15)

Altars:
Zin


Innate Abilities, Weirdness & Mutations

You cannot wear most types of armour.
You are amphibious.
You can wear up to eight rings at the same time.
Your skin changes colour to match your surroundings (Stealth+).
Your rubbery body absorbs attacks. (AC +1, EV +1)
((You are camouflaged when in or above water. (Stealth+)))
You have tentacles for arms and can constrict up to eight enemies at once.


Message History

You barely miss the adder.
The ball python hisses angrily.
You grab the adder. You constrict the adder. The adder misses you.
You hit the adder but do no damage.
The adder is lightly wounded.
You constrict the adder. The adder bites you.
You are poisoned.
The adder poisons you!
You barely miss the adder.
The adder is lightly wounded.
You constrict the adder.
You feel sick. The adder bites you.
You are lethally poisoned!
The adder poisons you!
You hit the adder. You squeeze the adder.
You kill the adder!
You feel sick.
You feel very sick.
You see here an adder corpse.
You hit the ball python. Your grab misses the ball python.
The ball python is heavily wounded.
You feel sick. The ball python closely misses you. The ball python grabs you.
The ball python constricts you.
* * * LOW HITPOINT WARNING * * *
You hit the ball python.
You kill the ball python!
* * * LOW HITPOINT WARNING * * *
You feel sick.
* * * LOW HITPOINT WARNING * * *
You feel sick.
It was a potion of degeneration.
There was something very wrong with that liquid.
You feel weakened.
You feel dopey.
You feel clumsy.
* * * LOW HITPOINT WARNING * * *
You feel sick.
* * * LOW HITPOINT WARNING * * *
You feel sick.
You see here an adder corpse.
* * * LOW HITPOINT WARNING * * *
You feel sick.
You die...

######### #.......#
#.......# ###
######.......### #..
....>........(.. #.#
#............##
#.####.##..........#
#.##......@†......#
#######.##.#......#.###.#
.......#.#.#.._...#.#
...####.##.#.....##.#
.#.........#.....# .#
...#########..##.# )#
#.## #.###.# .# #.# #.#
#.. .. #.# #


There were no monsters in sight!

Vanquished Creatures
  2 adders (D:2)
  2 ribbon worms (D:2)
  2 bats
  2 endoplasms (D:2)
  A giant cockroach (D:2)
  2 jackals (D:1)
  A kobold (D:2)
  5 ball pythons
  4 goblins
21 creatures vanquished.

Notes
Turn   | Place    | Note
-------+----------+-------------------------------------------
     0 | D:1      | Arcadio the Octopode Brigand began the quest for the Orb.
     0 | D:1      | Reached XP level 1. HP: 14/14 MP: 1/1
   250 | D:1      | Reached XP level 2. HP: 19/19 MP: 2/2
   511 | D:1      | Got the Quarto of Stolen Souls
   862 | D:2      | Reached XP level 3. HP: 25/25 MP: 3/3
   970 | D:2      | Found a glowing silver altar of Zin.
   992 | D:2      | HP: 1/25 [poisoned by an adder]
   993 | D:2      | Succumbed to an adder's poison

Illustrated notes

Levels and vault maps discovered:
D:1:      roadster_arrival_rocket_large, layout_basic
D:2:      layout_loops_ring, basic_altar, mrwooster_statue_mirror

Action                     || total
---------------------------++-------
  Melee: Dagger            ||    35
         Constrict         ||     5
         Tentacles         ||     2
    Use: Potion            ||     1
   Stab: Sleeping          ||     9
         Distracted        ||     1
 Armour: Skin              ||     9
  Dodge: Dodged            ||    12
